 Dungeon Crawl Stone Soup version 0.17-a0-2118-g63bad21 (webtiles) character file.

37 Duffy the Sneak (level 3, 0/28 HPs)
             Began as a Naga Enchanter on Oct 20, 2015.
             Slain by a rat (1 damage)
             ... on level 3 of the Dungeon.
             The game lasted 00:01:24 (1070 turns).

Duffy the Sneak (Naga Enchanter)                    Turns: 1070, Time: 00:01:25

Health: 0/28       AC:  4    Str: 11    XL:     3   Next: 41%
Magic:  6/6        EV: 10    Int: 15    God:
Gold:   45         SH:  0    Dex: 14    Spells: 1 memorised, 5 levels left

rFire  . . .     SeeInvis +     a - +1 dagger
rCold  . . .     Clarity  .     b - +1 robe
rNeg   . . .     SustAt   .     (no shield)
rPois  +         Gourm    .     (no helmet)
rElec  .         Spirit   .     f - +0 cloak
rCorr  .         Warding  .     (no gloves)
rMut   .         Stasis   .     (no barding)
MR     .....                    (no amulet)
Stlth  +++.......               (no ring)
                                g - +3 ring of dexterity

@: very slow, not resistant to hostile enchantments, fairly stealthy
A: see invisible, deformed body, poison resistance, slowness 2, slow metabolism
1, spit poison 2, AC +1
a: Spit Poison


You were on level 3 of the Dungeon.
You were not hungry.

You visited 1 branch of the dungeon, and saw 3 of its levels.

You collected 45 gold pieces.


Innate Abilities, Weirdness & Mutations

You cannot wear boots.
Your serpentine skin is tough (AC +1).
You have supernaturally acute eyesight.
Armour fits poorly on your strangely shaped body.
Your system is resistant to poisons.
You cover ground very slowly.
You have a slow metabolism.
You can spit poison.


   Skills:
 - Level 2.0 Short Blades
 - Level 1.5 Dodging
 + Level 5.3 Stealth
 - Level 2.0 Spellcasting
 + Level 3.4 Hexes


You had 5 spell levels left.
You knew the following spells:

 Your Spells              Type           Power        Failure   Level  Hunger
a - Corona                Hex            ##.....      8%          1    #......

Inventory:

Hand Weapons
 a - a +1 dagger (weapon)
Missiles
 e - 28 stones (quivered)
Armour
 b - a +1 robe (worn)
 f - a +0 cloak (worn)
Jewellery
 g - a +3 ring of dexterity (left hand)
Potions
 h - a potion of cancellation {unknown}
 i - a potion of heal wounds {unknown}
Books
 c - a book of Maledictions
Comestibles
 d - 3 bread rations

Dungeon Overview and Level Annotations

Branches:
Dungeon (3/15)

Altars:


Message History

You kill the goblin!
The rat bites you but does no damage. The quokka closely misses you.
The quokka bites you. The rat barely misses you. The quokka bites you.
The rat bites you but does no damage.
Things that are here:
a dagger; a goblin corpse The quokka bites you but does no damage.
The quokka barely misses you.
The quokka bites you but does no damage.
The rat bites you. The quokka misses you.
The quokka twitches its whiskers.
The rat bites you.
The quokka bites you but does no damage.
The quokka closely misses you.
You hit the quokka.
The quokka is moderately wounded.
The quokka bites you.
You barely miss the quokka.
The quokka is moderately wounded.
The rat bites you.
The quokka bites you but does no damage.
You hit the quokka.
The quokka is severely wounded.
The quokka bites you but does no damage.
The rat misses you.
You hit the quokka.
The quokka is almost dead.
The quokka barely misses you. The rat bites you but does no damage.
You hit the quokka.
You kill the quokka!
The rat barely misses you.
You swing at nothing.
The rat bites you.
You swing at nothing.
The rat bites you.
You die...

..#######..####.#.###
#.............<.....#
#...................
#.........$........
#).............##.#
.?...........###..#
#.............>#.#
##.....)).....†@#
#.............r.#
#...............#
.#................#
..<.........[[....#
..................#
..#...............#
.###.......?.....## #
#...).....


You could see a rat.

Action                   || total
-------------------------++-------
Melee: Dagger            ||   100
 Abil: Spit Poison       ||     3
 Stab: Sleeping          ||     7

Notes
Turn   | Place    | Note
--------------------------------------------------------------
     0 | D:1      | Duffy the Naga Enchanter began the quest for the Orb.
     0 | D:1      | Reached XP level 1. HP: 15/15 MP: 3/3
   252 | D:1      | Reached skill level 2 in Short Blades
   252 | D:1      | Reached XP level 2. HP: 22/22 MP: 5/5
   748 | D:1      | Reached skill level 5 in Stealth
  1016 | D:2      | Reached XP level 3. HP: 28/28 MP: 6/6
  1070 | D:3      | Slain by a rat

Vault maps used:
D:1:      erik_arrival_blinker_ship, minmay_curled_crystal
D:2:      first_bread, cheibriados_altar_wand_db
D:3:      uniq_terence

Vanquished Creatures
  An adder
  A giant gecko
  A giant cockroach
  6 hobgoblins
  A kobold
  A quokka
  3 bats
  A giant newt
  5 goblins
  4 rats
24 creatures vanquished.
